 Dungeon Crawl Stone Soup version 0.20-a0-700-gbd4582c (webtiles) character file.

127 presbutan the Chopper (level 4, -2/33 HPs)
             Began as a Demonspawn Gladiator on Feb 21, 2017.
             Slain by Grinder (9 damage)
             ... on level 3 of the Dungeon.
             The game lasted 00:04:48 (1835 turns).

presbutan the Chopper (Demonspawn Gladiator)        Turns: 1835, Time: 00:04:48

Health: -2/33      AC:  6    Str: 12 (15) XL:     4   Next: 85%
Magic:  4/4        EV: 12    Int:  6 (9)  God:
Gold:   99         SH:  0    Dex: 13 (15) Spells: 3/3 levels left

rFire    . . .     SeeInvis .   a - +0 war axe
rCold    . . .     Gourm    .   b - +0 leather armour
rNeg     . . .     Faith    .   (no shield)
rPois    .         Spirit   .   c - +0 helmet
rElec    .         Reflect  .   k - +1 cloak
rCorr    .         Harm     .   (no gloves)
MR       +....                  (no boots)
Stlth    +++.......             (no amulet)
Regen    0.2/turn               (no ring)
MPRegen  0.1/turn               t - ring of wizardry

@: flying
A: hooves 1, magic resistance 1, nightstalker 2
a: no special abilities


You were on level 3 of the Dungeon.
You were not hungry.

You visited 1 branch of the dungeon, and saw 3 of its levels.

You collected 99 gold pieces.

Inventory:

Hand Weapons
 a - a +0 war axe (weapon)
Missiles
 d - 3 throwing nets (quivered)
 q - 24 arrows
Armour
 b - a +0 leather armour (worn)
 c - a +0 helmet (worn)
 k - a +1 cloak (worn)
Jewellery
 t - a ring of wizardry (left hand)
Scrolls
 g - a scroll of enchant armour {unknown}
 h - 3 scrolls of identify {unknown}
 l - 2 scrolls of remove curse {unknown}
 o - a scroll of blinking {unknown}
 p - a scroll of teleportation {unknown}
 s - a scroll of immolation {unknown}
Potions
 e - a potion of flight
Comestibles
 f - 2 bread rations
 j - 2 royal jellies
 r - 7 chunks of flesh


   Skills:
 - Level 2.0 Fighting
 * Level 5.1 Axes
 - Level 1.7 Throwing
 - Level 2.6 Dodging


You had 3 spell levels left.
You didn't know any spells.

Dungeon Overview and Level Annotations

Branches:
Dungeon (3/15)

Altars:

Annotations:
D:3 Grinder


Innate Abilities, Weirdness & Mutations

You are significantly more attuned to the shadows.
You have large cloven feet.
You are resistant to hostile enchantments. (MR+)


Message History

The hobgoblin hits you but does no damage.
Grinder barely misses you.
You barely miss Grinder.
Grinder is moderately wounded.
You hit the hobgoblin.
You kill the hobgoblin!
You slash the adder! The adder bites you but does no damage.
Grinder gestures at you.
You easily resist.
The adder bites you but does no damage.
You hit Grinder but do no damage.
Grinder is moderately wounded.
You hit the adder.
You kill the adder!
Grinder hits you.
* * * LOW HITPOINT WARNING * * *
Grinder hits you but does no damage.
You hit Grinder.
Grinder is moderately wounded.
Grinder hits you!
You die...

#.# #.# #.##########
#(.........# .....
#..........# .....
#..........# .....
#..........# )....
#..........######.....
#........(.'...5@†....
##.........######.....
#.........# .....
#.........# #####
#.........#
####...#### #...#
#####


You could see Grinder.

Vanquished Creatures
  Terence (D:3)
  5 adders
  2 worms
  4 dart slugs
  A ball python (D:3)
  A bat (D:2)
  5 giant cockroaches
  4 hobgoblins
  2 jackals (D:2)
  6 kobolds
  A quokka (D:3)
  3 frilled lizards
  4 goblins
  7 rats
46 creatures vanquished.

Notes
Turn   | Place    | Note
-------+----------+-------------------------------------------
     0 | D:1      | presbutan the Demonspawn Gladiator began the quest for the Orb.
     0 | D:1      | Reached XP level 1. HP: 16/16 MP: 1/1
   150 | D:1      | Reached skill level 3 in Axes
   329 | D:1      | Gained mutation: You are slightly more attuned to the shadows. [demonic ancestry]
   329 | D:1      | Reached XP level 2. HP: 20/22 MP: 2/2
   679 | D:2      | Gained mutation: You are significantly more attuned to the shadows. [demonic ancestry]
   679 | D:2      | Reached XP level 3. HP: 16/27 MP: 3/3
   956 | D:2      | Reached skill level 4 in Axes
  1434 | D:3      | Noticed Terence
  1446 | D:3      | Killed Terence
  1446 | D:3      | Reached XP level 4. HP: 33/33 MP: 4/4
  1658 | D:3      | Reached skill level 5 in Axes
  1819 | D:3      | Noticed Grinder
  1824 | D:3      | Gained mutation: You are resistant to hostile enchantments. (MR+) [potion of mutation]
  1824 | D:3      | Gained mutation: You have large cloven feet. [potion of mutation]
  1824 | D:3      | Paralysed by Grinder for 4 turns
  1835 | D:3      | Slain by Grinder

Vault maps used:
D:1:      tarquinn_simple_flora_water_c
D:3:      uniq_terence, uniq_grinder, uniq_jessica

Skill      XL: |  1  2  3  4 |
---------------+-------------+-----
Axes           | 3 4 5 |  5.1
Fighting       | |  2.0
Throwing       | |  1.7
Dodging        | |  2.6

Action                   |  1- 3 |  4- 6 || total
-------------------------+-------+-------++-------
Melee: War axe           |   104 |    39 ||   143
       Kick              |       |     1 ||     1
  Use: Potion            |       |     4 ||     4
 Stab: Sleeping          |     4 |     3 ||     7
  Eat: Chunk             |     2 |     1 ||     3
Armor: Leather armour    |    36 |    23 ||    59
Dodge: Dodged            |    71 |    22 ||    93
